 Dungeon Crawl Stone Soup version 0.28-a0-643-g84cb2ea78e (webtiles) character file.

Game seed: 2323632458694530319

88 Sabo the Covered (level 4, 37/37 HPs)
             Began as a Formicid Fighter on Oct 10, 2021.
             Was a Follower of Jiyva.
             Got out of the dungeon alive.
             The game lasted 00:09:40 (2314 turns).

Sabo the Covered (Formicid Fighter)                 Turns: 2314, Time: 00:09:41

Health: 37/37      AC:  8    Str: 22    XL:     4   Next: 81%
Magic:  4/4        EV: 10    Int:  7    God:    Jiyva [*.....]
Gold:   70         SH:  4    Dex: 10    Spells: 3/3 levels left

rFire   + . .      SeeInvis +   a - +0 quarterstaff
rCold   . . .      Faith    .   c - +0 buckler
rNeg    . . .      Spirit   .   b - +0 scale mail
rPois   .          Reflect  .   (helmet unavailable)
rElec   .          Harm     .   (no cloak)
rCorr   .          Rampage  .   h - +0 pair of gloves
Will    .....                   (no boots)
Stlth   ..........              (no amulet)
HPRegen 0.12/turn               i - ring of protection from fire
MPRegen 0.09/turn               (no ring)

@: no status effects
A: permanent stasis, dig shafts and tunnels, antennae 3, four strong arms
a: Dig, Shaft Self, Renounce Religion, Request Jelly


You escaped.
You worshipped Jiyva.
Jiyva was aware of your devotion.
You visited 1 branch of the dungeon, and saw 2 of its levels.

You collected 70 gold pieces.

Inventory:

Hand Weapons
 a - a +0 quarterstaff (weapon)
Missiles
 f - 12 arrows
 g - 39 bolts
Armour
 b - a +0 scale mail (worn)
 c - a +0 buckler (worn)
 h - a +0 pair of gloves (worn)
Jewellery
 i - a ring of protection from fire (left hand)
Potions
 e - 3 potions of mutation {unknown}
 j - 2 potions of curing {unknown}


   Skills:
 + Level 3.9 Fighting
 + Level 2.9 Staves
 + Level 4.1 Armour
 + Level 0.4 Dodging
 + Level 0.2 Stealth
 + Level 4.1 Shields


You had 3 spell levels left.
You didn't know any spells.
Your spell library was empty.

Dungeon Overview and Level Annotations

Branches:
Dungeon (2/15)

Altars:
Jiyva


Innate Abilities, Weirdness & Mutations

You cannot be hasted, slowed, berserked, paralysed or teleported.
You can dig through walls and to a lower floor.
You have a pair of large antennae on your head. (SInv)
Your four strong arms can wield two-handed weapons with a shield.


Message History

You dig through the rock wall.
You dig through the rock wall.
You dig through the rock wall.
You dig through the rock wall.
You dig through the rock wall.
You retract your mandibles.
There is a stone staircase leading up here.
You can't go down here!
You climb upwards.
There is a stone staircase leading down here.
Non-targeted abil: Dig
Press: ? - help, Q - select action, (/) - cycle Dir - look around, f - activate You extend your mandibles.
You dig through the rock wall.
You dig through the rock wall.
You dig through the rock wall.
You dig through the rock wall.
You dig through the rock wall.
You dig through the rock wall.
You dig through the rock wall.
You dig through the rock wall.
You dig through the rock wall.
You dig through the rock wall.
You dig through the rock wall.
You dig through the rock wall.
You dig through the rock wall.
You dig through the rock wall.
You dig through the rock wall.
You dig through the rock wall.
You dig through the rock wall.
You dig through the rock wall.
You dig through the rock wall.
You dig through the rock wall.
You dig through the rock wall.
You dig through the rock wall.
You retract your mandibles.
There is a staircase leading out of the dungeon here.
You can't go down here!
Are you sure you want to leave the Dungeon?
This will make you lose the game!
You have escaped!

#......##.#####................#
#.##.#.##....##.#.##########.###
#.##.........##.#.# #.#
#.####.##.........# #.#
#.####.##.#####.#.# #.#
#......##.......#.# #.#
#################.##########.#
.............................###
#####.###......#@#......##.....#
#.# #.##.##'.###.##.##.....# #.#
#...............#......# #.#
##.########.######....^#
##.###...# ...#.#...##.....#
#...##.#######.#.#.#.####.###
#....#.#...........#.# #.#
#...##.#.###########.# #.#
##.###.#...........#.# ##.####


There were no monsters in sight!

Vanquished Creatures
  2 orc wizards (D:2)
  3 orcs (D:2)
  5 bats
  A giant cockroach (D:1)
  4 goblins (D:1)
  3 hobgoblins (D:1)
  6 jackals (D:1)
  A kobold (D:1)
  A ball python (D:2)
  3 frilled lizards
  5 rats
34 creatures vanquished.

Notes
Turn   | Place    | Note
-------+----------+-------------------------------------------
     0 | D:1      | Sabo the Formicid Fighter began the quest for the Orb.
     0 | D:1      | Reached XP level 1. HP: 18/18 MP: 1/1
   491 | D:1      | Reached XP level 2. HP: 23/24 MP: 2/2
  1051 | D:1      | Reached XP level 3. HP: 23/29 MP: 3/3
  1696 | D:2      | Reached XP level 4. HP: 11/37 MP: 4/4
  2140 | D:2      | Found a faded altar of an unknown god.
  2152 | D:2      | Prayed at the altar of an unknown god.
  2152 | D:2      | Became a worshipper of Jiyva Joliom the Shapeless
  2152 | D:2      | Reached * piety under Jiyva
  2314 | D:$      | Got out of the dungeon alive.

Illustrated notes

Levels and vault maps discovered:
D:1:      onia_arrival_mini_maze_b, layout_loops_corners
D:2:      minmay_evil_eye, layout_basic, chequers_ecumenical_altar_simple

Skill      XL: |  1  2  3  4 |
---------------+-------------+-----
Shields        | 4 |  4.1
Armour         | 4 |  4.1
Fighting       | |  3.9
Staves         | |  2.9
Dodging        | |  0.4
Stealth        | |  0.2

Action                   |  1- 3 |  4- 6 || total
-------------------------+-------+-------++-------
Melee: Quarterstaff      |    84 |    12 ||    96
 Abil: Dig               |     4 |     5 ||     9
  Use: Scroll            |     1 |       ||     1
       Potion            |     1 |       ||     1
Armor: Scale mail        |    33 |    13 ||    46
Dodge: Dodged            |    45 |    12 ||    57
Block: Buckler           |    19 |     4 ||    23

Table legend: (Time is in decaauts)
 A = Elapsed time spent in this place.
 B = Non-inter-level travel time spent in this place.
 C = Inter-level travel time spent in this place.
 D = Time resting spent in this place.
 E = Time spent auto-exploring this place.
 F = Levels seen in this place.
 G = Mean time per level.
                   A        B        C        D        E       F      G
               +--------+--------+--------+--------+--------+-----+--------+
         Total |   2349 |   2349 |      0 |    633 |      0 |   2 | 1174.5 |
       Dungeon |   2349 |   2349 |      0 |    633 |      0 |   2 | 1174.5 |
               +--------+--------+--------+--------+--------+-----+--------+

Top non-repeatable levels by time:
     D:1: 1559 daAuts
     D:2: 790 daAuts
